 Dungeon Crawl Stone Soup version 0.32-a0-818-gb728d0252e (webtiles) character file.

Game seed: 15338886115320272935

37 AstroCodex24 the Trooper (level 3, 0/29 HPs)
             Began as a Vampire Fighter on Mar 23, 2024.
             Succumbed to a water moccasin's poison
             ... on level 5 of the Dungeon.
             The game lasted 00:01:37 (269 turns).

AstroCodex24 the Trooper (Vampire Fighter)           Turns: 269, Time: 00:01:37

Health: 0/29       AC: 11    Str: 17    XL:     3   Next: 21%
Magic:  3/3        EV:  7    Int: 10    God:
Gold:   0          SH:  4    Dex: 13    Spells: 2/2 levels left

rFire   . . .        a - +0 war axe
rCold   . . .        c - +0 buckler
rNeg    + . .        e - +0 pearl dragon scales
rPois   .            (no helmet)
rElec   .            (no cloak)
rCorr   .            (no gloves)
SInv    +            (no boots)
Will    .....        (no amulet) Stlth
                     (no ring)
HPRegen 0.44/turn    (no ring)
MPRegen 0.08/turn

%: no passive effects
@: lethally poisoned (0 -> -15), healing quickly
A: alive, fangs 3, see invisible, vampiric 2
a: Exsanguinate


You were on level 5 of the Dungeon.
You visited 1 branch of the dungeon, and saw 5 of its levels.

Inventory:

Hand Weapons
 a - a +0 war axe (weapon)
Armour
 b - a +0 scale mail
 c - a +0 buckler (worn)
 e - +0 pearl dragon scales (worn)
Scrolls
 f - a scroll of brand weapon {unknown}
Potions
 d - a potion of might


   Skills:
 + Level 3.2 Fighting
 + Level 2.0 Axes
 + Level 2.7 Armour
 + Level 0.1 Dodging
 + Level 3.0 Shields


You had 2 spell levels left.
You didn't know any spells.
Your spell library was empty.

Dungeon Overview and Level Annotations

Branches:
Dungeon (5/15)
 Temple: D:4-7

Altars:


Innate Abilities, Weirdness & Mutations

Your natural rate of healing is accelerated.
You have razor-sharp teeth.
You have supernaturally acute eyesight. (SInv)
You are afflicted with vampirism and can become a bat while bloodless.


Message History

You have reached level 3!
Your experience leads to an increase in your attributes!
Increase (S)trength, (I)ntelligence, or (D)exterity?
You feel stronger. x2
You can now turn into a vampire bat when bloodless.
You closely miss the water moccasin. The water moccasin bites you.
The water moccasin closely misses you. The water moccasin bites you.
You barely miss the water moccasin. You bite the water moccasin.
The water moccasin is lightly wounded.
The water moccasin barely misses you.
You hear a distant slurping noise.
The water moccasin bites you.
You miss the water moccasin. You bite the water moccasin.
The water moccasin is lightly wounded.
The water moccasin barely misses you. x2
You hit the water moccasin.
The water moccasin is moderately wounded.
You block the water moccasin's attack. The water moccasin barely misses you.
You barely miss the water moccasin. Your bite misses the water moccasin.
The water moccasin is moderately wounded.
The water moccasin bites you. x2
* * * LOW HITPOINT WARNING * * *
You closely miss the water moccasin.
The water moccasin is moderately wounded.
You block the water moccasin's attack. The water moccasin barely misses you.
You barely miss the water moccasin.
The water moccasin is moderately wounded.
The water moccasin bites you but does no damage.
The water moccasin bites you.
* * * LOW HITPOINT WARNING * * *
You slash the water moccasin!
The water moccasin is heavily wounded.
The water moccasin bites you.
* * * LOW HITPOINT WARNING * * *
You are lethally poisoned!
The water moccasin poisons you!
The water moccasin bites you but does no damage.
You miss the water moccasin.
The water moccasin is heavily wounded.
You die...

#.....#
#.....# #
#.....#.##
#.........
#.........
#.###.........
#......##.....
######S# ...
#<#@# . #.#.#
#.#.# ####.#.#
#....#.#
#.##.#.#
##.####'##
#........#
######...#


You could see a water moccasin.

Vanquished Creatures
  A hound (D:5)
  3 ball pythons
  A hobgoblin (D:3)
  A quokka (D:3)
  2 bats
  A kobold (D:3)
9 creatures vanquished.

Notes
Turn   | Place    | Note
-------+----------+-------------------------------------------
     0 | D:1      | AstroCodex24 the Vampire Fighter began the quest for the
                  | Orb.
     0 | D:1      | Reached XP level 1. HP: 17/17 MP: 1/1
   178 | D:3      | Reached XP level 2. HP: 23/23 MP: 2/2
   223 | D:5      | Entered Level 5 of the Dungeon
   249 | D:5      | Noticed a water moccasin
   261 | D:5      | Gained mutation: You are afflicted with vampirism and can
                  | become a bat while bloodless. [Vampire growth]
   261 | D:5      | Reached XP level 3. HP: 18/29 MP: 3/3
   269 | D:5      | Succumbed to a water moccasin's poison

Illustrated notes

Levels and vault maps discovered:
D:1:      nzn_arrival_crosshair, layout_basic,
          shapermc_ecumenical_altar_starsandcircs
D:2:      layout_loops_ring, basic_altar, serial_shops,
          nicolae_shop_real_fake_doors, minmay_misc_feat_hallway
D:3:      layout_loops_ring, good_gods_mini_temple, uniq_jessica
D:4:      layout_basic, grunt_temple_overflow_growth_and_decay,
          general_overflow_altar, kennysheep_mini_moat, minmay_statues_item,
          grunt_decor_one_mirror, minmay_snake_closets
D:5:      layout_basic, old_standard_altar, lemuel_doored_altar,
          nicolae_inconvenience_store

Skill      XL: |  1  2 |
---------------+-------+-----
Fighting       | 3 |  3.2
Axes           | 2 |  2.0
Shields        | 3 |  3.0
Armour         | |  2.7
Dodging        | |  0.1

Action                     || total
---------------------------++-------
  Melee: War axe           ||    33
         Bite              ||     4
 Armour: Pearl dragon scal ||    49
         Scale mail        ||     2
  Dodge: Dodged            ||    26
  Block: Buckler           ||    16

Table legend: (Time is in decaauts)
 A = Elapsed time spent in this place.
 B = Non-inter-level travel time spent in this place.
 C = Inter-level travel time spent in this place.
 D = Time resting spent in this place.
 E = Time spent auto-exploring this place.
 F = Levels seen in this place.
 G = Mean time per level.
                   A        B        C        D        E       F      G
               +--------+--------+--------+--------+--------+-----+--------+
         Total |    282 |    282 |      0 |      0 |      0 |   5 |   56.4 |
       Dungeon |    282 |    282 |      0 |      0 |      0 |   5 |   56.4 |
               +--------+--------+--------+--------+--------+-----+--------+

Top non-repeatable levels by time:
     D:1: 89 daAuts
     D:3: 73 daAuts
     D:5: 52 daAuts
     D:2: 35 daAuts
     D:4: 31 daAuts
